Map: [ESL] Solaris

Players

Astrea - Winner!

  • Race: Protoss Protoss
  • Spawn Location: 7:00

Kelazhur

  • Race: Terran Terran
  • Spawn Location: 1:00

Event: ESL SC2 Masters 2023 Winter (Regional)

VOD

Have the link to the VOD?

Description

Time

  • Played on: Nov. 10, 2023, 12:56 p.m.
  • Length: 8:36

All games in this series

Show
View Real Time Build Order
Export as new Build Order

Astrea Protoss - Winner!

Build Orders: 1 Gate Expand, Phoenix Opening 

Get SALT Encoding   

  12  0:00  Probe  
  13  0:12  Probe  
  14  0:18  Pylon  
  14  0:24  Probe  
  15  0:36  Probe (Chrono Boost)  
  15  0:38  Gateway  
  16  0:48  Probe (Chrono Boost)  
  16  0:49  Assimilator  
  17  0:53  Probe (Chrono Boost)  
  18  1:03  Probe  
  19  1:15  Probe  
  20  1:24  Nexus  
  20  1:36  Cybernetics Core  
  20  1:37  Probe  
  21  1:45  Pylon  
  21  1:50  Probe  
  22  1:54  Assimilator  
  22  2:02  Probe  
  23  2:10  Stalker (Chrono Boost)  
  23  2:13  Warp Gate  
  23  2:14  Probe  
  26  2:26  Probe  
  26  2:27  Gateway  
  27  2:32  Sentry (Chrono Boost)  
  27  2:36  Probe  
  30  2:38  Probe  
  31  2:44  Shield Battery  
  31  2:48  Probe  
  32  2:52  Stalker (Chrono Boost)  
  32  2:54  Probe  
  35  3:00  Probe  
  35  3:01  Phoenix  
  36  3:06  Probe  
  36  3:07  Robotics Facility  
  38  3:12  Probe  
  38  3:15  Stalker  
  38  3:18  Probe  
  41  3:24  Probe  
  41  3:27  Pylon  
  42  3:28  Stalker  
  42  3:31  Probe  
  45  3:38  Probe  
  45  3:39  Pylon  
  46  3:45  Probe  
  46  3:47  Twilight Council  
  47  3:50  Probe  
  48  3:57  Probe  
  48  4:00  Assimilator  
  48  4:02  Assimilator  
  49  4:03  Probe  
  49  4:05  Stalker  
  49  4:07  Stalker  
  49  4:09  Probe  
  55  4:15  Probe  
  57  4:17  Observer (Chrono Boost)  
  57  4:21  Pylon, Probe  
  58  4:27  Probe  
  58  4:29  Stalker  
  58  4:31  Zealot  
  59  4:33  Probe  
  57  4:39  Probe  
  57  4:44  Observer  
  57  4:45  Probe, Charge  
  58  4:51  Probe  
  59  4:57  Probe  
  60  5:03  Templar Archives, Probe  
  60  5:06  Nexus  
  61  5:10  Pylon, Probe (Chrono Boost)  
  62  5:15  Probe (Chrono Boost)  
  62  5:20  Psionic Storm  
  64  5:22  Pylon, Probe (Chrono Boost)  
  64  5:27  Probe (Chrono Boost)  
  65  5:29  Probe (Chrono Boost)  
  65  5:32  Probe (Chrono Boost)  
  67  5:36  Probe  
  67  5:37  Gateway x2  
  67  5:38  Gateway  
  67  5:41  Probe  
  69  5:45  Observer  
  69  5:48  Probe  
  71  5:50  Pylon  
  71  5:53  High Templar  
  71  5:54  Probe  
  74  5:57  Gateway  
  74  5:58  Gateway  
  74  6:00  Probe  
  75  6:04  High Templar  
  75  6:06  Probe  
  75  6:10  Warp Prism  
  75  6:11  Observer  
  80  6:12  Probe  
  80  6:14  Gateway  
  81  6:19  Probe x2  
  81  6:24  Probe  
  84  6:27  Shield Battery  
  84  6:28  High Templar  
  84  6:31  Probe, Pylon  
  87  6:35  Pylon  
  87  6:36  High Templar  
  87  6:37  Zealot x3  
  95  6:43  Pylon  
  95  6:48  Probe x3  
  95  6:51  Pylon  
  95  6:54  High Templar  
  100  6:58  Observer  
  100  6:59  High Templar  
  100  7:00  Zealot x4  
  110  7:05  Forge  
  110  7:06  Observer  
  110  7:12  Zealot x2, Immortal (Chrono Boost)  
  118  7:22  Pylon  
  117  7:23  Pylon  
  117  7:30  Nexus  
  117  7:33  High Templar x2  
  117  7:34  Zealot x4  
  129  7:40  Zealot x2  
  131  7:54  Zealot x4  
  119  8:06  Zealot x4  
  112  8:20  Stalker x4  
  112  8:26  Archon  
  97  8:29  Stalker x4  
Show
View Real Time Build Order
Export as new Build Order

Kelazhur Terran 

Build Orders: Cyclone Opening 

Get SALT Encoding   

  12  0:02  SCV  
  13  0:14  SCV  
  13  0:17  Supply Depot  
  14  0:26  SCV  
  15  0:39  SCV  
  16  0:43  Barracks  
  16  0:44  Refinery  
  16  0:51  SCV  
  16  0:54  Refinery  
  17  1:03  SCV  
  18  1:15  SCV  
  19  1:30  Orbital Command, Reaper  
  20  1:42  Factory  
  20  1:45  Supply Depot  
  20  1:56  SCV  
  21  2:04  Barracks Reactor  
  21  2:08  SCV  
  22  2:19  Command Center  
  22  2:22  SCV  
  23  2:33  Cyclone  
  23  2:34  SCV  
  26  2:43  Starport  
  26  2:47  SCV  
  26  2:48  Supply Depot  
  27  2:51  Marine  
  27  2:53  Marine  
  29  2:59  SCV  
  30  3:09  Marine  
  30  3:10  Cyclone  
  30  3:11  Marine  
  34  3:15  SCV  
  35  3:20  Medivac  
  37  3:27  Marine, SCV  
  37  3:30  Marine  
  40  3:39  SCV  
  41  3:45  Marine  
  41  3:48  Orbital Command, Factory Tech Lab, Marine  
  42  3:51  SCV  
  42  3:55  Starport Tech Lab  
  44  3:56  Liberator  
  44  4:02  Barracks  
  47  4:03  SCV  
  47  4:06  Supply Depot  
  47  4:07  Marine  
  49  4:15  SCV  
  49  4:16  Siege Tank  
  53  4:19  SCV  
  53  4:24  Marine  
  53  4:27  SCV, Marine  
  56  4:35  SCV  
  49  4:40  SCV  
  49  4:42  Marine  
  49  4:45  Marine  
  48  4:46  Bunker  
  48  4:47  SCV  
  48  4:48  Barracks  
  48  4:49  Barracks Tech Lab  
  48  4:50  Siege Tank  
  52  4:56  SCV  
  52  4:59  Starport Reactor  
  53  5:00  Marine  
  53  5:02  SCV  
  53  5:03  Bunker  
  53  5:04  Marine  
  56  5:08  SCV  
  56  5:13  Marauder  
  59  5:14  SCV  
  59  5:20  Marine, SCV  
  59  5:22  Supply Depot  
  59  5:26  SCV  
  59  5:27  Marine  
  61  5:30  Supply Depot  
  61  5:32  SCV, Engineering Bay  
  61  5:33  Refinery  
  61  5:35  Stimpack  
  62  5:43  Marauder, SCV  
  62  5:44  Barracks x2, Supply Depot  
  62  5:45  Marine x2  
  67  5:52  SCV  
  67  5:54  Combat Shield, Marine, Refinery  
  70  5:57  SCV  
  70  6:03  Marine x2  
  72  6:04  Marine  
  72  6:05  Supply Depot  
  72  6:06  Supply Depot  
  72  6:07  Terran Infantry Weapons Level 1  
  72  6:08  SCV  
  74  6:15  Command Center  
  74  6:19  Factory Reactor  
  74  6:20  Marine  
  74  6:21  SCV x2  
  77  6:28  Marine x2  
  77  6:29  Marine  
  77  6:32  Marine x2, Medivac  
  84  6:35  Medivac, Supply Depot  
  84  6:37  Marine  
  84  6:39  SCV x2  
  89  6:46  Marine x2  
  93  6:47  Marauder  
  93  6:50  Barracks Reactor, Barracks Tech Lab  
  93  6:52  SCV x2  
  95  6:56  Marauder  
  95  6:57  Widow Mine x2  
  95  6:58  Supply Depot  
  101  7:01  Supply Depot  
  101  7:03  Medivac  
  103  7:08  SCV  
  103  7:09  Medivac  
  103  7:13  Marauder  
  103  7:14  Marauder  
  110  7:20  SCV, Marine x2  
  110  7:21  Widow Mine  
  115  7:23  Supply Depot  
  115  7:24  Widow Mine  
  115  7:28  Orbital Command  
  117  7:30  Marauder, Marine  
  117  7:31  Marine  
  117  7:34  Medivac  
  123  7:39  Marauder, Marine  
  126  7:45  Marine  
  126  7:46  Marauder  
  126  7:47  Widow Mine  
  126  7:48  Marine  
  123  7:51  SCV  
  123  7:52  Marauder  
  123  7:55  SCV  
  118  8:00  Marauder  
  118  8:02  Marine  
  104  8:07  Marauder  
  104  8:08  SCV  
  104  8:12  Marine  
  79  8:13  Marauder  
  79  8:14  Marine  
Tags
 
Add a new tag
Caveats
  • Supply blocks, unpowered buildings, or Contaminate may cause inaccurate times.
  • Supply counts are checked every 10 seconds.